 Dungeon Crawl Stone Soup version 0.21-a0-507-ga8f6b7a (webtiles) character file.

18636 kae the Grappler (level 12, -11/123 HPs)
             Began as a Troll Monk on Nov 27, 2017.
             Was a High Priest of Wu Jian.
             Mangled by a black mamba (13 damage)
             ... on level 1 of the Lair of Beasts.
             The game lasted 00:16:29 (11945 turns).

kae the Grappler (Troll Monk)                      Turns: 11945, Time: 00:16:29

Health: -11/123    AC:  6    Str: 22    XL:     12   Next: 29%
Magic:  11/11      EV: 16    Int:  6    God:    Wu Jian [*****.]
Gold:   688        SH:  0    Dex: 16    Spells: 11/11 levels left

rFire    + . .     SeeInvis .     - Unarmed
rCold    + . .     Gourm    +   (no shield)
rNeg     . . .     Faith    .   a - +1 robe
rPois    .         Spirit   .   s - +0 hat
rElec    .         Reflect  .   (no cloak)
rCorr    .         Harm     .   (gloves unavailable)
MR       .....                  (boots unavailable)
Stlth    ++........             (no amulet)
HPRegen  0.70/turn              o - ring of protection from cold
MPRegen  0.12/turn              G - ring of protection from fire

@: lethally poisoned (-11 -> -57)
A: large, unfitting armour, claws 3, fast metabolism 3, gourmand, regeneration
1, shaggy fur 1, tough skin 2
a: Serpent's Lash, Heavenly Storm, Renounce Religion


You were on level 1 of the Lair of Beasts.
You worshipped Wu Jian.
Wu Jian was extremely pleased with you.
You were completely stuffed.

You visited 3 branches of the dungeon, and saw 13 of its levels.

You collected 748 gold pieces.
You spent 60 gold pieces at shops.

Inventory:

Armour
 a - a +1 robe (worn)
 s - a +0 hat (worn)
Jewellery
 o - a ring of protection from cold (left claw)
 C - an uncursed ring of ice
 G - a ring of protection from fire (right claw)
Wands
 q - a wand of paralysis (29)
 u - a wand of random effects (46)
 y - a wand of enslavement (9)
 z - a wand of polymorph (47)
 D - a wand of acid (20)
 E - a wand of flame (16)
Scrolls
 d - 8 scrolls of remove curse
 f - a scroll of identify
 g - 7 scrolls of teleportation
 r - 2 scrolls of fear
 F - a scroll of random uselessness {unknown}
 H - a scroll of fog
 J - 3 scrolls of magic mapping
Potions
 e - 2 potions of heal wounds
 i - 2 potions of mutation
 j - 3 potions of might
 k - 2 potions of agility
 m - 2 potions of ambrosia
 n - 4 potions of brilliance
 p - 3 potions of curing
 t - a potion of lignification
 w - 2 potions of cancellation
 A - 2 potions of degeneration
 B - a potion of haste
 I - 4 potions of magic
 K - 4 potions of invisibility
 L - a potion of berserk rage {unknown}
Books
 v - a book of Necromancy

   Spells                             Type                      Level
   a - Pain                           Necromancy                   1
   b - Animate Skeleton               Necromancy                   1
   c - Vampiric Draining              Necromancy                   3
   d - Regeneration                   Charms/Necromancy            3
   e - Animate Dead                   Necromancy                   4
   f - Control Undead                 Necromancy                   4
 x - a book of Misfortune

   Spells                             Type                      Level
   a - Confusing Touch                Hexes                        1
   b - Confuse                        Hexes                        3
   c - Gell's Gravitas                Translocation                3
   d - Petrify                        Transmutation/Earth          4
   e - Metabolic Englaciation         Hexes/Ice                    5
   f - Yara's Violent Unravelling     Hexes/Transmutation          5
Comestibles
 b - 7 bread rations
 c - 3 meat rations
 h - 16 fruits
 l - 9 royal jellies
 M - 4 chunks of flesh


   Skills:
 + Level 9.1 Fighting
 + Level 9.0 Dodging
 - Level 1.0 Stealth
 * Level 14.2 Unarmed Combat


You had 11 spell levels left.
You didn't know any spells.

Dungeon Overview and Level Annotations

Branches:
Dungeon (11/15)            Temple (1/1) D:5            Lair (1/6) D:8
    Orc (0/2) D:9

Altars:
Ashenzari
Cheibriados
Dithmenos
Elyvilon
Fedhas
Gozag
Hepliaklqana
Kikubaaqudgha
Makhleb
Nemelex Xobeh
Okawaru
Qazlal
Ru
Sif Muna
Trog
Uskayaw
Vehumet
Wu Jian
Xom
Yredelemnul
Zin
The Shining One

Shops:
D:4 (   D:5 %(   D:10 ?

Annotations:
D:6 kae's ghost, novice TrMo


Innate Abilities, Weirdness & Mutations

You are too large for most types of armour.
You have claws for hands.
Your metabolism is lightning-fast.
You like to eat raw meat.
Your natural rate of healing is unusually fast.
You are covered in fur. (AC +1)
You have very tough skin. (AC +2)


Message History

* * * LOW HITPOINT WARNING * * *
You feel very sick. The black mamba bites you.
* * * LOW HITPOINT WARNING * * *
The porcupine misses you. The black mamba bites you!
* * * LOW HITPOINT WARNING * * *
The porcupine bites you.
* * * LOW HITPOINT WARNING * * *
You repeatedly attack the black mamba from above.
You barely miss the black mamba.
The black mamba is severely wounded.
You closely miss the black mamba. Your claw misses the black mamba.
The black mamba is severely wounded.
You closely miss the black mamba.
The black mamba is severely wounded.
* * * LOW HITPOINT WARNING * * *
You feel extremely sick. The black mamba closely misses you.
The black mamba misses you. The black mamba bites you!
You die...

###+#### #P........#
####..+#### ##..†.# ###
#...###P## ##+######.#
#.........
..........#####........#
...........##..........#
......§§§.†............#
......§@§#...#..........
......§rS.8.8..........#
......?.......#.........
.........#8.8##........#
.........##.###.>######
#+#.###.....P# #.. ##
#.##.### ##. ..# ##+


You could see a black mamba and a porcupine.

Vanquished Creatures
  Josephine (D:10)
  Erolcha (D:9)
  Harold (D:10)
  4 two-headed ogres
  Urug (D:10)
  The ghost of kae the Grappler, a novice TrMo of Wu Jian (D:7)
  A cyclops (D:11)
  A manticore (D:11)
  A black mamba (Lair:1)
  A centaur zombie (D:10)
  A gargoyle (D:10)
  A komodo dragon (Lair:1)
  A troll (D:11)
  Grinder (D:3)
  2 hippogriffs
  A vampire (D:11)
  4 wraiths (D:10)
  11 yaks
  Grum (D:8)
  A hungry ghost (D:10)
  3 porcupines (Lair:1)
  3 ice beasts
  3 black bears
  2 eyes of draining
  7 orc warriors
  2 phantoms
  6 sky beasts
  12 ogres
  A centaur (D:9)
  8 wolves
  A crocodile (Lair:1)
  2 big kobolds
  4 bullfrogs
  A gnoll sergeant (D:6)
  2 scorpions
  3 killer bees (D:10)
  9 wights
  4 bullfrog zombies
  3 crimson imps
  3 jellies
  A bullfrog skeleton (D:9)
  13 orc priests
  2 centaur skeletons
  5 hounds
  2 iguanas
  21 orc wizards
  3 worker ants
  A hound zombie (D:6)
  2 hound skeletons
  A howler monkey zombie (D:10)
  A worker ant zombie (D:8)
  14 gnolls
  9 adders
  A howler monkey skeleton (D:5)
  2 shadow imps (D:5)
  11 oozes
  2 adder skeletons
  An adder zombie (D:9)
  3 worms
  3 dart slugs
  12 leopard geckos
  92 orcs
  5 giant cockroaches
  8 goblins
  7 hobgoblins
  17 jackals
  5 quokkas
  3 ball pythons
  10 bats
  8 frilled lizards
  A jackal skeleton (D:5)
  23 kobolds
  A quokka skeleton (D:6)
  5 rats
411 creatures vanquished.

Vanquished Creatures (others)
  A fungus (Lair:1)
  8 toadstools (D:4)
9 creatures vanquished.

Grand Total: 420 creatures vanquished

Notes
Turn   | Place    | Note
-------+----------+-------------------------------------------
     0 | D:1      | kae the Troll Monk began the quest for the Orb.
     0 | D:1      | Reached XP level 1. HP: 22/22 MP: 0/0
    47 | D:1      | Reached XP level 2. HP: 29/29 MP: 1/1
   429 | D:1      | Reached XP level 3. HP: 36/36 MP: 2/2
   669 | D:2      | Reached skill level 4 in Unarmed Combat
   819 | D:2      | Reached XP level 4. HP: 44/44 MP: 3/3
  1046 | D:2      | Found a sacrificial altar of Ru.
  1414 | D:3      | Noticed Grinder
  1427 | D:3      | Paralysed by Grinder for 4 turns
  1438 | D:3      | Killed Grinder
  1438 | D:3      | Reached skill level 5 in Unarmed Combat
  1438 | D:3      | Reached XP level 5. HP: 21/53 MP: 4/4
  1438 | D:3      | Reached XP level 6. HP: 24/61 MP: 5/5
  2263 | D:3      | Found a snail-covered altar of Cheibriados.
  2266 | D:3      | Found a hazy altar of Hepliaklqana.
  2269 | D:3      | Found an iron altar of Okawaru.
  2272 | D:3      | Found a glowing golden altar of the Shining One.
  2663 | D:4      | Reached skill level 6 in Unarmed Combat
  2663 | D:4      | Reached XP level 7. HP: 61/68 MP: 6/6
  3000 | D:4      | Found Tiraoma's Weapon Shop.
  3244 | D:4      | HP: 3/71 [poisoned by an orc wizard]
  3406 | D:4      | Reached skill level 7 in Unarmed Combat
  3835 | D:4      | Reached XP level 8. HP: 79/79 MP: 7/7
  3989 | D:5      | Entered Level 5 of the Dungeon
  4055 | D:5      | Found a staircase to the Ecumenical Temple.
  4090 | Temple   | Entered the Ecumenical Temple
  4156 | Temple   | Became a worshipper of the Wu Jian Council
  4156 | Temple   | Reached * piety under Wu Jian
  4156 | Temple   | Reached ** piety under Wu Jian
  4341 | D:5      | Reached skill level 5 in Fighting
  4386 | D:5      | Reached skill level 8 in Unarmed Combat
  4428 | D:5      | Reached skill level 5 in Dodging
  4449 | D:5      | Found a shattered altar of Ashenzari.
  4654 | D:5      | Found Iryush's Food Emporium.
  4655 | D:5      | Found Tuotri's Antique Weapon Emporium.
  4936 | D:6      | Reached XP level 9. HP: 88/88 MP: 8/8
  4961 | D:6      | Reached skill level 9 in Unarmed Combat
  5081 | D:6      | Reached *** piety under Wu Jian
  5085 | D:6      | Noticed kae's ghost (novice TrMo)
  5971 | D:7      | Noticed kae's ghost (novice TrMo)
  6346 | D:7      | Killed kae's ghost
  6346 | D:7      | Reached skill level 10 in Unarmed Combat
  6766 | D:7      | Reached XP level 10. HP: 92/100 MP: 9/9
  6984 | D:8      | Found a staircase to the Lair.
  7041 | D:8      | Reached **** piety under Wu Jian
  7089 | D:8      | Noticed Grum
  7098 | D:8      | Killed Grum
  7173 | D:8      | Noticed a two-headed ogre
  7177 | D:8      | Killed a two-headed ogre
  7177 | D:8      | Reached skill level 11 in Unarmed Combat
  7521 | D:8      | You fall through a shaft for 2 floors!
  7521 | D:10     | Entered Level 10 of the Dungeon
  7950 | D:9      | Noticed a two-headed ogre
  7983 | D:9      | Killed a two-headed ogre
  8289 | D:9      | Found a staircase to the Orcish Mines.
  8385 | D:9      | Noticed Erolcha
  8457 | D:9      | Killed Erolcha
  8457 | D:9      | Reached skill level 12 in Unarmed Combat
  8567 | D:9      | Noticed a two-headed ogre
  8578 | D:9      | Killed a two-headed ogre
  8578 | D:9      | Reached XP level 11. HP: 82/110 MP: 10/10
  8770 | D:9      | Reached ***** piety under Wu Jian
  9290 | D:10     | Noticed Harold
  9417 | D:10     | Killed Harold
  9509 | D:10     | Found Qobrul's Magic Scroll Boutique.
  9527 | D:10     | Noticed a two-headed ogre
  9552 | D:10     | Killed a two-headed ogre
  9552 | D:10     | Reached skill level 13 in Unarmed Combat
  9564 | D:10     | Bought a scroll of identify for 30 gold pieces
  9564 | D:10     | Bought a scroll of identify for 30 gold pieces
 10223 | D:10     | Noticed Josephine
 10234 | D:10     | Noticed Urug
 10386 | D:10     | Killed Urug
 10489 | D:10     | Killed Josephine
 10849 | D:11     | Reached XP level 12. HP: 70/122 MP: 11/11
 11496 | D:9      | Reached skill level 14 in Unarmed Combat
 11567 | Lair:1   | Entered Level 1 of the Lair of Beasts
 11945 | Lair:1   | HP: 2/123 [poisoned by a black mamba]
 11945 | Lair:1   | Mangled by a black mamba

Vault maps used:
D:1:      minmay_arrival_plants_in_alcoves, serial_forest,
          infiniplex_forest_corner_1, infiniplex_forest_lined_3,
          infiniplex_forest_lined_room_2, infiniplex_forest_lined_ring,
          infiniplex_forest_clump_double, infiniplex_forest_join,
          lemuel_another_geyser
D:2:      wad_river_or_something, lemuel_round_altar
D:3:      grunt_temple_overflow_cloverleaf, first_bread, uniq_grinder
D:4:      cheibrodos_fertilizer, serial_shops, shop, glass_columns_a
D:5:      ashenzari_altar_1, minmay_temple_entry_poolview, serial_shops,
          shop_statue, shop, hex_large
D:6:      kennysheep_nondescript, kennysheep_generic_room_13
D:8:      lair_entry_dummy, uniq_grum
D:9:      hiddenorc2_lemuel, special_room, uniq_erolcha
D:10:     serial_shops, shop, uniq_urug, uniq_josephine, uniq_harold
Temple:   nicolae_temple_x_marks_the_god
Lair:1:   small_statue_intersection, uniq_joseph, uniq_nergalle

Skill      XL: |  1  2  3  4  5  6  7  8  9 10 11 12 |
---------------+-------------------------------------+-----
Unarmed Combat | 4 5 6 7 8 10 12 13 14 | 14.2
Fighting       | 3 4 5 6 7 8 9 |  9.1
Dodging        | 3 4 5 6 7 8 9 |  9.0
Stealth        | |  1.0

Action                   |  1- 3 |  4- 6 |  7- 9 | 10-12 || total
-------------------------+-------+-------+-------+-------++-------
Melee: Unarmed           |   107 |   113 |   406 |   561 ||  1187
       Punch             |     2 |     3 |    18 |    31 ||    54
Invok: Serpent's Lash    |       |       |       |     1 ||     1
Evoke: Wand              |       |       |       |     1 ||     1
  Use: Potion            |       |       |     1 |     1 ||     2
       Scroll            |       |       |     5 |    21 ||    26
 Stab: Sleeping          |     1 |     6 |     2 |     2 ||    11
       Distracted        |       |       |       |     2 ||     2
  Eat: Chunk             |     9 |    20 |    39 |    48 ||   116
Armor: Robe              |    39 |    24 |    68 |    50 ||   181
Dodge: Dodged            |    55 |    54 |   164 |   285 ||   558

Table legend:
 A = Spawn XP
 B = Non-spawn XP
 C = Spawn XP percentage of total XP
 D = Spawn monster count
 E = Non-spawn monster count
 F = Spawn count percentage of total count
 G = Total turns spent on level
                    A         B        C        D         E        F      G
               +---------+---------+-------+---------+---------+-------+---------
         Total |       0 |   26623 |   0.0 |       0 |     411 |   0.0 | 11945
               +---------+---------+-------+---------+---------+-------+---------
           D:1 |       0 |      54 |   0.0 |       0 |      27 |   0.0 |   538
           D:2 |       0 |      70 |   0.0 |       0 |      20 |   0.0 |   804
           D:3 |       0 |     463 |   0.0 |       0 |      37 |   0.0 |  1307
           D:4 |       0 |     987 |   0.0 |       0 |      39 |   0.0 |  1387
           D:5 |       0 |     985 |   0.0 |       0 |      25 |   0.0 |   756
           D:6 |       0 |    1424 |   0.0 |       0 |      44 |   0.0 |  1200
           D:7 |       0 |    1766 |   0.0 |       0 |      29 |   0.0 |   905
           D:8 |       0 |    1661 |   0.0 |       0 |      17 |   0.0 |   756
           D:9 |       0 |    6773 |   0.0 |       0 |      94 |   0.0 |  1702
          D:10 |       0 |    7671 |   0.0 |       0 |      42 |   0.0 |  1518
          D:11 |       0 |    2437 |   0.0 |       0 |      24 |   0.0 |   616
        Lair:1 |       0 |    2332 |   0.0 |       0 |      13 |   0.0 |   378
               +---------+---------+-------+---------+---------+-------+---------
